NWL (28 & UNDER)
SAN DIEGO SMASHERS @ MENLO MANIACS
08/27/2025
 
TOP OF THE 1ST
San Diego Smashers batting - Pitching for Menlo Maniacs : RHP José Ramírez
Pitching: RHP José Ramírez
Batting: RHB Jorge Collazo 0-0: Ball
1-0: Swinging Strike
1-1: Foul Ball, location: 2F
1-2: Strikes out swinging
Batting: LHB Francisco Medina 0-0: Foul Ball, location: 2F
0-1: Swinging Strike
0-2: Foul Ball, location: 2F
0-2: Ball
1-2: Ball
2-2: Ball
3-2: SINGLE (Line Drive, 9S)
Batting: LHB Ray Bryant 0-0: Called Strike
0-1: Ball
1-1: Ball
2-1: TRIPLE (Flyball, 78XD)
Francisco Medina scores
Batting: RHB Marty Hendrickson 0-0: Called Strike
0-1: Ball
1-1: Foul Ball, location: 2F
1-2: Strikes out swinging
Batting: SHB Chris Woods 0-0: Ball
1-0: Ball
2-0: Ball
3-0: Called Strike
3-1: Base on Balls
Batting: SHB Adrián Nieto 0-0: Called Strike
0-1: Ball
1-1: Ball
2-1: Ball
3-1: Foul Ball, location: 2F
3-2: Foul Ball, location: 2F
3-2: Base on Balls
Chris Woods to second
Batting: LHB Ken Phillips 0-0: Ball
1-0: Ball
2-0: Ground out U3 (Groundball, 3S)
Top of the 1st over - 1 run(s), 2 hit(s), 0 error(s), 3 left on base; San Diego 1 - Menlo 0
BOTTOM OF THE 1ST
Menlo Maniacs batting - Pitching for San Diego Smashers : LHP Juan Mendoza
Pitching: LHP Juan Mendoza
Batting: RHB Jesús Cuevas 0-0: Called Strike
0-1: Foul Ball, location: 2F
0-2: Ball
1-2: Ball
2-2: Ball
3-2: Base on Balls
Batting: LHB Arthur Hall 0-0: Called Strike
0-1: Ball
1-1: Swinging Strike
1-2: Ball
2-2: Ball
3-2: Foul Ball, location: 2F
3-2: Strikes out swinging
Batting: RHB Steve Sampson 0-0: Ball
1-0: Ball
2-0: SINGLE (Groundball, 13S) (infield hit)
Jesús Cuevas to second
Batting: LHB Marcos Pérez 0-0: Fly out, F4 (Line Drive, 4)
Batting: RHB Chan-u O 0-0: Ball
1-0: Ball
2-0: Foul Ball, location: 2F
2-1: Swinging Strike
2-2: Foul Ball, location: 2F
2-2: Strikes out swinging
Bottom of the 1st over - 0 run(s), 1 hit(s), 0 error(s), 2 left on base; San Diego 1 - Menlo 0
TOP OF THE 2ND
San Diego Smashers batting - Pitching for Menlo Maniacs : LHP José Acosta
Pitching: LHP José Acosta
Batting: RHB Ryan Cates 0-0: Foul Ball, location: 2F
0-1: Ball
1-1: Swinging Strike
1-2: Strikes out looking
Batting: RHB Ricardo Guzmán 0-0: Swinging Strike
0-1: Ball
1-1: Foul Ball, location: 2F
1-2: Fly out, F7 (Flyball, 7LM)
Batting: RHB Jorge Collazo 0-0: Ball
1-0: Ball
2-0: Foul Ball, location: 2F
2-1: Foul Ball, location: 2F
2-2: Ground out 6-3 (Groundball, 6)
Top of the 2nd over - 0 run(s), 0 hit(s), 0 error(s), 0 left on base; San Diego 1 - Menlo 0
BOTTOM OF THE 2ND
Menlo Maniacs batting - Pitching for San Diego Smashers : LHP Juan Mendoza
Batting: RHB Dani Torres 0-0: Ball
1-0: Foul Ball, location: 2F
1-1: Swinging Strike
1-2: Strikes out looking
Batting: RHB Bob Campbell 0-0: Foul Ball, location: 2F
0-1: Ball
1-1: Swinging Strike
1-2: DOUBLE (Line Drive, 5L)
Batting: RHB Keitaro Suzuki 0-0: Ball
1-0: Ball
2-0: Swinging Strike
2-1: Ball
3-1: Base on Balls
Batting: RHB Richie Miller 0-0: Ball
1-0: Called Strike
Bob Campbell steals 3rd base
Keitaro Suzuki to second
1-1: Foul Ball, location: 2F
1-2: Strikes out looking
Batting: RHB Jesús Cuevas 0-0: Ball
1-0: Called Strike
1-1: SINGLE (Groundball, 56)
Bob Campbell scores
Keitaro Suzuki to third
Runner from 3rd tries for Home, SAFE, no throw or cutoff
Batting: LHB Arthur Hall 0-0: Called Strike
0-1: Foul Ball, location: 2F
0-2: Ball
1-2: Ball
2-2: Foul Ball, location: 2F
2-2: Strikes out swinging
Bottom of the 2nd over - 2 run(s), 2 hit(s), 0 error(s), 1 left on base; San Diego 1 - Menlo 2
TOP OF THE 3RD
San Diego Smashers batting - Pitching for Menlo Maniacs : LHP José Acosta
Batting: LHB Francisco Medina 0-0: Ball
1-0: Called Strike
1-1: Swinging Strike
1-2: Strikes out looking
Batting: LHB Ray Bryant 0-0: Called Strike
0-1: Swinging Strike
0-2: Strikes out swinging
Batting: RHB Marty Hendrickson 0-0: Called Strike
0-1: Ball
1-1: DOUBLE (Line Drive, 89M)
Batting: SHB Chris Woods 0-0: Fly out, F7 (Flyball, 78XD)
Top of the 3rd over - 0 run(s), 1 hit(s), 0 error(s), 1 left on base; San Diego 1 - Menlo 2
BOTTOM OF THE 3RD
Menlo Maniacs batting - Pitching for San Diego Smashers : LHP Juan Mendoza
Batting: RHB Steve Sampson 0-0: Ball
1-0: Ball
2-0: Ball
3-0: Base on Balls
Batting: LHB Marcos Pérez 0-0: Ball
1-0: Ball
2-0: Ball
3-0: Called Strike
3-1: Base on Balls
Steve Sampson to second
Batting: RHB Chan-u O 0-0: Ball
1-0: Ball
2-0: Ball
3-0: Base on Balls
Steve Sampson to third
Marcos Pérez to second
Batting: RHB Dani Torres 0-0: Swinging Strike
0-1: Ball
1-1: Fly out, F8 (Flyball, 8LM)
Runner from 3rd tags up, OUT at HOME
Marcos Pérez to third
Chan-u O to second
Batting: RHB Bob Campbell 0-0: Ball
1-0: 3-RUN HOME RUN (Line Drive, 7LD), Distance : 366 ft
Batting: RHB Keitaro Suzuki 0-0: Swinging Strike
0-1: Ball
1-1: Called Strike
1-2: Ball
2-2: Fly out, F8 (Flyball, 8RM)
Bottom of the 3rd over - 3 run(s), 1 hit(s), 0 error(s), 0 left on base; San Diego 1 - Menlo 5
TOP OF THE 4TH
San Diego Smashers batting - Pitching for Menlo Maniacs : LHP José Acosta
Batting: SHB Adrián Nieto 0-0: Ball
1-0: Ball
2-0: Called Strike
2-1: Foul Ball, location: 2F
2-2: Ball
3-2: SINGLE (Line Drive, 7LS)
Batting: LHB Ken Phillips 0-0: Ball
1-0: Ball
2-0: Foul Ball, location: 2F
2-1: Foul Ball, location: 2F
2-2: Ball
3-2: Fly out, F5 (Popup, 5F)
Batting: RHB Ryan Cates 0-0: Ball
1-0: Swinging Strike
1-1: Swinging Strike
1-2: Foul Ball, location: 2F
1-2: Strikes out swinging
Batting: RHB Ricardo Guzmán 0-0: Called Strike
0-1: Swinging Strike
0-2: Ball
1-2: Ball
2-2: Foul Ball, location: 2F
2-2: Strikes out swinging
Top of the 4th over - 0 run(s), 1 hit(s), 0 error(s), 1 left on base; San Diego 1 - Menlo 5
BOTTOM OF THE 4TH
Menlo Maniacs batting - Pitching for San Diego Smashers : LHP Juan Mendoza
Batting: RHB Richie Miller 0-0: Foul Ball, location: 2F
0-1: Ball
1-1: Foul Ball, location: 2F
1-2: Foul Ball, location: 2F
1-2: Foul Ball, location: 2F
1-2: Strikes out looking
Batting: RHB Jesús Cuevas 0-0: Foul Ball, location: 2F
0-1: Swinging Strike
0-2: Ball
1-2: Fly out, F8 (Flyball, 8LS)
Batting: LHB Arthur Hall 0-0: Ball
1-0: Ball
2-0: Ground out 6-3 (Groundball, 6)
Bottom of the 4th over - 0 run(s), 0 hit(s), 0 error(s), 0 left on base; San Diego 1 - Menlo 5
TOP OF THE 5TH
San Diego Smashers batting - Pitching for Menlo Maniacs : LHP José Acosta
Batting: RHB Jorge Collazo 0-0: Ground out 1-3 (Groundball, 15)
Batting: LHB Francisco Medina 0-0: Ball
1-0: Swinging Strike
1-1: Called Strike
1-2: Foul Ball, location: 2F
1-2: Ball
2-2: SINGLE (Line Drive, 8RS)
Pitching: RHP Jeff Davis
Batting: LHB Ray Bryant 0-0: Ball
1-0: Called Strike
1-1: Called Strike
1-2: Ball
2-2: Ball
3-2: Fly out, F8 (Flyball, 8LD)
Batting: RHB Marty Hendrickson 0-0: Ball
1-0: Ball
2-0: Swinging Strike
2-1: Foul Ball, location: 2F
2-2: Foul Ball, location: 2F
2-2: Foul Ball, location: 2F
2-2: Strikes out swinging
Top of the 5th over - 0 run(s), 1 hit(s), 0 error(s), 1 left on base; San Diego 1 - Menlo 5
BOTTOM OF THE 5TH
Menlo Maniacs batting - Pitching for San Diego Smashers : LHP Juan Mendoza
Pitching: RHP Carlos Trujillo
Batting: RHB Steve Sampson 0-0: Ball
1-0: Fly out, F8 (Line Drive, 8LM)
Batting: LHB Marcos Pérez 0-0: Ground out 5-3 (Groundball, 56S)
Batting: RHB Chan-u O 0-0: Called Strike
0-1: Ball
1-1: Swinging Strike
1-2: SINGLE (Line Drive, 6D)
Batting: RHB Dani Torres 0-0: Ball
1-0: Foul Ball, location: 2F
1-1: Foul Ball, location: 2F
1-2: Strikes out swinging
Bottom of the 5th over - 0 run(s), 1 hit(s), 0 error(s), 1 left on base; San Diego 1 - Menlo 5
TOP OF THE 6TH
San Diego Smashers batting - Pitching for Menlo Maniacs : RHP Jeff Davis
Batting: SHB Chris Woods 0-0: Ball
1-0: Foul Ball, location: 2F
1-1: Ball
2-1: Ball
3-1: Base on Balls
Batting: SHB Adrián Nieto 0-0: Ball
1-0: Ground out 4-3 (Groundball, 4MS)
Chris Woods to second
Batting: LHB Ken Phillips 0-0: Ball
1-0: Ball
2-0: Called Strike
2-1: Ball
3-1: Base on Balls
Batting: RHB Ryan Cates 0-0: Ball
1-0: Ground out 5-3 (Groundball, 5S)
Chris Woods to third
Ken Phillips to second
Batting: RHB Ricardo Guzmán 0-0: Foul Ball, location: 2F
0-1: Ball
1-1: Ball
2-1: Ball
3-1: Base on Balls
Batting: RHB Jorge Collazo 0-0: Called Strike
0-1: Ball
1-1: Swinging Strike
1-2: Ball
2-2: Strikes out looking
Top of the 6th over - 0 run(s), 0 hit(s), 0 error(s), 3 left on base; San Diego 1 - Menlo 5
BOTTOM OF THE 6TH
Menlo Maniacs batting - Pitching for San Diego Smashers : RHP Carlos Trujillo
Batting: RHB Bob Campbell 0-0: Called Strike
0-1: Ball
1-1: Called Strike
1-2: Strikes out looking
Batting: RHB Keitaro Suzuki 0-0: Swinging Strike
0-1: Swinging Strike
0-2: Ball
1-2: Ball
2-2: Ball
3-2: Foul Ball, location: 2F
3-2: Strikes out swinging
Batting: RHB Richie Miller 0-0: Foul Ball, location: 2F
0-1: Ball
1-1: Ball
2-1: Foul Ball, location: 2F
2-2: Ball
3-2: Strikes out looking
Bottom of the 6th over - 0 run(s), 0 hit(s), 0 error(s), 0 left on base; San Diego 1 - Menlo 5
TOP OF THE 7TH
San Diego Smashers batting - Pitching for Menlo Maniacs : RHP Jeff Davis
Batting: LHB Francisco Medina 0-0: Foul Ball, location: 2F
0-1: Ground out U3 (Groundball, 3S)
Pitching: RHP Manny Márquez
Batting: LHB Ray Bryant 0-0: Foul Ball, location: 2F
0-1: Called Strike
0-2: Ball
1-2: Strikes out looking
Batting: RHB Marty Hendrickson 0-0: Ball
1-0: Ground out 4-3 (Groundball, 34)
Top of the 7th over - 0 run(s), 0 hit(s), 0 error(s), 0 left on base; San Diego 1 - Menlo 5
BOTTOM OF THE 7TH
Menlo Maniacs batting - Pitching for San Diego Smashers : RHP Carlos Trujillo
Pitching: RHP Marv Williams
Batting: RHB Jesús Cuevas 0-0: Called Strike
0-1: Ball
1-1: Foul Ball, location: 2F
1-2: Strikes out swinging
Batting: LHB Arthur Hall 0-0: Called Strike
0-1: Ball
1-1: Ball
2-1: Foul Ball, location: 2F
2-2: Foul Ball, location: 2F
2-2: Ground out U3 (Groundball, 3S)
Batting: RHB Steve Sampson 0-0: Ball
1-0: Ball
2-0: Swinging Strike
2-1: Ball
3-1: Swinging Strike
3-2: Foul Ball, location: 2F
3-2: Base on Balls
Batting: LHB Marcos Pérez 0-0: Called Strike
0-1: Fly out, F7 (Flyball, 78XD)
Bottom of the 7th over - 0 run(s), 0 hit(s), 0 error(s), 1 left on base; San Diego 1 - Menlo 5
TOP OF THE 8TH
San Diego Smashers batting - Pitching for Menlo Maniacs : RHP Manny Márquez
Batting: SHB Chris Woods 0-0: Called Strike
0-1: Ball
1-1: Ball
2-1: Foul Ball, location: 2F
2-2: Ball
3-2: Ground out 4-3 (Groundball, 4)
Batting: SHB Adrián Nieto 0-0: Fly out, F6 (Popup, 56D)
Batting: LHB Ken Phillips 0-0: Ball
1-0: Swinging Strike
1-1: Foul Ball, location: 2F
1-2: Strikes out swinging
Top of the 8th over - 0 run(s), 0 hit(s), 0 error(s), 0 left on base; San Diego 1 - Menlo 5
BOTTOM OF THE 8TH
Menlo Maniacs batting - Pitching for San Diego Smashers : RHP Marv Williams
Batting: RHB Chan-u O 0-0: Ball
1-0: Called Strike
1-1: Ground out 6-3 (Groundball, 6)
Batting: RHB Dani Torres 0-0: Called Strike
0-1: Ball
1-1: Swinging Strike
1-2: Strikes out swinging
Batting: RHB Bob Campbell 0-0: Foul Ball, location: 2F
0-1: Foul Ball, location: 2F
0-2: Ball
1-2: Foul Ball, location: 2F
1-2: Foul Ball, location: 2F
1-2: Hit by Pitch
Batting: RHB Keitaro Suzuki 0-0: Foul Ball, location: 2F
0-1: Ball
1-1: Swinging Strike
1-2: Foul Ball, location: 2F
1-2: Ball
2-2: Ball
3-2: Base on Balls
Bob Campbell to second
Batting: RHB Richie Miller 0-0: Ball
1-0: Swinging Strike
1-1: Ball
2-1: Ball
3-1: Ground out 5-3 (Groundball, 56S)
Bottom of the 8th over - 0 run(s), 0 hit(s), 0 error(s), 2 left on base; San Diego 1 - Menlo 5
TOP OF THE 9TH
San Diego Smashers batting - Pitching for Menlo Maniacs : RHP Manny Márquez
Batting: RHB Ryan Cates 0-0: Ball
1-0: Called Strike
1-1: Ball
2-1: Fly out, F9 (Line Drive, 89M)
Batting: RHB Ricardo Guzmán 0-0: Called Strike
0-1: Ball
1-1: Swinging Strike
1-2: Foul Ball, location: 2F
1-2: Foul Ball, location: 2F
1-2: Strikes out swinging
Batting: RHB Jorge Collazo 0-0: Called Strike
0-1: Ball
1-1: Ball
2-1: Called Strike
2-2: DOUBLE (Line Drive, 3)
Batting: LHB Francisco Medina 0-0: Ball
1-0: Swinging Strike
1-1: Swinging Strike
1-2: Ball
2-2: Strikes out looking
Top of the 9th over - 0 run(s), 1 hit(s), 0 error(s), 1 left on base; San Diego 1 - Menlo 5
This league is powered by Out of the Park Baseball, the baseball management simulation game for PC, Mac and Linux
Tuesday, August 2nd, 2016 - OOTP Baseball 16.8 Build 38